 Dungeon Crawl Stone Soup version 0.31-a0-236-g9a0961fb85 (webtiles) character file.

Game seed: 15293209942262694212

364 qw the Shooter (level 6, -14/37 HPs)
             Began as a Gargoyle Hexslinger on July 10, 2023.
             Demolished by an ogre
             ... wielding a +0 giant club
              (27 damage)
             ... on level 3 of the Dungeon.
             The game lasted 00:01:37 (3385 turns).

qw the Shooter (Gargoyle Hexslinger)                Turns: 3385, Time: 00:01:38

Health: -14/37     AC: 10    Str: 11    XL:     6   Next: 67%
Magic:  7/7        EV: 10    Int: 14    God:
Gold:   103        SH:  0    Dex: 14    Spells: 6/7 levels left

rFire   . . .        Y - +1 sling
rCold   . . .        (no shield)
rNeg    + . .        a - +0 ring mail
rPois   inf          (no helmet)
rElec   +            (no cloak)
rCorr   .            (no gloves)
SInv    .            (no boots)
Will    .....        (no amulet)
Stlth   +            e - +1 ring of protection
HPRegen 0.26/turn    (no ring)
MPRegen 0.10/turn

%: no passive effects
@: no status effects
A: sickness immunity, AC +4, negative energy resistance 1, electricity
resistance, torment resistance 1, petrification resistance
a: no special abilities


You were on level 3 of the Dungeon.
You visited 1 branch of the dungeon, and saw 3 of its levels.

You collected 133 gold pieces.
You spent 30 gold pieces at shops.


Innate Abilities, Weirdness & Mutations

You are immune to sickness and miasma.
Your stone body is resilient. (AC +4)
You are immune to poison.
You resist negative energy. (rN+)
You are resistant to electric shocks. (rElec)
You are resistant to unholy torment.
You are immune to petrification.


   Skills:
 - Level 3.4 Fighting
 + Level 5.9 Ranged Weapons
 - Level 1.2 Armour
 - Level 1.5 Dodging
 - Level 1.0 Spellcasting
 - Level 2.6 Hexes


You had 6 spell levels left.
You knew the following spells:

 Your Spells              Type           Power      Damage    Failure   Level
a - Slow                  Hex            32%        N/A       21%         1

Your spell library contained the following spells:

 Spells                   Type           Power      Damage    Failure   Level
 Inner Flame              Hex/Fire       4%         N/A       71%         3
 Portal Projectile        Hex/Tloc       8%         N/A       71%         3
 Cause Fear               Hex            4%         N/A       90%         4

Inventory:

Hand Weapons
 Y - a +1 sling (weapon)
Armour
 a - a +0 ring mail (worn)
Jewellery
 e - a +1 ring of protection (left hand)
Scrolls
 c - a scroll of teleportation
 f - a scroll of identify
Potions
 b - a potion of attraction {unknown}
 d - 3 potions of curing
 h - a potion of cancellation {unknown}

Dungeon Overview and Level Annotations

Branches:
Dungeon (3/15)

Altars:
Zin

Shops:
D:2 =


Message History

The sling bullet hits the orc but does no damage.
The orc is severely wounded.
You hear a shout!
The gnoll hits you but does no damage.
You hear a bark!
You shoot a sling bullet. The sling bullet hits the orc.
You kill the orc!
The gnoll hits you but does no damage.
You shoot a sling bullet.
The sling bullet hits the gnoll but does no damage.
The gnoll is moderately wounded.
The gnoll hits you but does no damage.
A jackal comes into view.
You shoot a sling bullet.
The sling bullet barely misses the gnoll.
The sling bullet closely misses the orc.
The gnoll hits you but does no damage.
The gnoll hits you from afar with a +0 spear.
The orc hits you from afar with a +0 trident.
You shoot a sling bullet. The sling bullet hits the gnoll!
The gnoll is almost dead.
The gnoll misses you. The orc hits you but does no damage.
You shoot a sling bullet. The sling bullet hits the gnoll.
You kill the gnoll!
The orc barely misses you.
You shoot a sling bullet. The sling bullet hits the ogre.
The ogre is lightly wounded.
The ogre hits you with a +0 giant club.
An orc comes into view. It is wielding a +0 dagger.
The orc closely misses you.
The orc hits you from afar with a +0 trident.
You shoot a sling bullet. The sling bullet hits the ogre.
The ogre is lightly wounded.
The ogre hits you with a +0 giant club! The gnoll hits you but does no damage.
The orc hits you from afar with a +0 trident.
You shoot a sling bullet. The sling bullet hits the ogre.
The ogre is lightly wounded.
The ogre hits you with a +0 giant club!!
Ouch! That really hurt!
You die...

.go#......%.....................#
...##############################
##+# # .# ################### .
.# ..o...#8..8#..).o.# .#
.o....o....'..8#..## g .#
.O.o..goo..)..8#....g .#
...#O...#)......... .#
#@...#########'' .# #....# . .#
#....# g ##+# #....# #
...#############''''#############
.g.#...........................(#
####~~~~~~~~~~~~..).~~~~~~~~~~~~#
~~~~~~~~~~~~~~~~..).)~~~~~~~~~~~~
~~~~~~~~~~~~~~~~..).~~~)~~~~~~~~~


You could see an ogre, a gnoll and 3 orcs.

Vanquished Creatures
  4 hounds
  An orc priest (D:3)
  9 gnolls
  4 adders
  3 dart slugs
  8 orcs
  3 ball pythons
  5 endoplasms
  3 giant cockroaches (D:3)
  5 goblins
  4 hobgoblins
  14 jackals
  2 quokkas (D:2)
  5 bats
  7 frilled lizards
  2 kobolds (D:1)
  6 rats
85 creatures vanquished.

Notes
Turn   | Place    | Note
-------+----------+-------------------------------------------
     0 | D:1      | qw the Gargoyle Hexslinger began the quest for the Orb.
     0 | D:1      | Reached XP level 1. HP: 12/12 MP: 2/2
     0 | D:1      | 0 ||| qw: Version: 0.3-a-52-g30416fa
     0 | D:1      | 0 ||| qw: Game counter: 4798
     0 | D:1      | 0 ||| qw: Melee chars always use a shield: true
     0 | D:1      | 0 ||| qw: God list: Okawaru
     0 | D:1      | 0 ||| qw: Allow faded altars: false
     0 | D:1      | 0 ||| qw: Do Orc after clearing Dungeon:15 true
     0 | D:1      | 0 ||| qw: Do second Lair branch before Depths: true
     0 | D:1      | 0 ||| qw: Lair rune preference: random
     0 | D:1      | 0 ||| qw: Goals: Normal
     0 | D:1      | 0 ||| PLANNING D:1-11
   228 | D:1      | Reached XP level 2. HP: 16/16 MP: 3/3
   242 | D:1      | Reached skill level 3 in Ranged Weapons
   242 | D:1      | 242 ||| FLEEEEING.
   975 | D:1      | Reached XP level 3. HP: 22/22 MP: 4/4
  1121 | D:1      | 1121 ||| UPGRADING to +0 leather armour.
  1131 | D:1      | 1131 ||| DROPPING +0 robe.
  1132 | D:1      | 1132 ||| READING scroll labelled OTAURA ZAJACSO.
  1133 | D:1      | 1133 ||| READING scroll labelled NOIBLO WAIFF.
  1134 | D:1      | 1134 ||| DRINKING 3 metallic clear potions.
  1135 | D:1      | 1135 ||| DROPPING scroll of poison.
  1471 | D:2      | Reached XP level 4. HP: 27/27 MP: 5/5
  1533 | D:2      | Found a glowing silver altar of Zin.
  1607 | D:2      | Found Xarixtud's One-of-a-Kind Rings.
  1612 | D:2      | 1612 ||| BUYING +1 ring of protection (30 gold).
  1612 | D:2      | Bought a +1 ring of protection for 30 gold pieces
  1612 | D:2      | 1612 ||| SHOPLISTING +1 ring of slaying (60 gold, have 34).
  1612 | D:2      | 1612 ||| SHOPLISTING +3 ring of strength (100 gold, have
                  | 34).
  1612 | D:2      | 1612 ||| SHOPLISTING +7 ring of slaying (1726 gold, have
                  | 34).
  1612 | D:2      | 1612 ||| SHOPLISTING +9 ring of strength (780 gold, have
                  | 34).
  1612 | D:2      | 1612 ||| SHOPLISTING ring "Utietubb" {rPois rC++ rN+ Int+3
                  | Dex-4} (466 gold, have 34).
  1763 | D:2      | Reached skill level 4 in Ranged Weapons
  2143 | D:2      | 2143 ||| UPGRADING to +0 ring mail.
  2153 | D:2      | 2153 ||| DROPPING +0 leather armour.
  2154 | D:2      | 2154 ||| UPGRADING to +1 ring of protection.
  2155 | D:2      | 2155 ||| READING scroll labelled ZUAMUV RU ZUS.
  2156 | D:2      | 2156 ||| READING 2 scrolls labelled RILAVV UTRUSH.
  2160 | D:2      | 2160 ||| READING scroll labelled ZOGRIANNULU.
  2161 | D:2      | 2161 ||| DRINKING 2 metallic black potions.
  2162 | D:2      | 2162 ||| DROPPING potion of degeneration.
  2236 | D:3      | 2236 ||| FLEEEEING.
  2237 | D:3      | 2237 ||| FLEEEEING.
  2238 | D:3      | 2238 ||| STAIRDANCE
  2307 | D:3      | Reached skill level 1 in Armour
  2582 | D:3      | Reached XP level 5. HP: 17/31 MP: 6/6
  2714 | D:3      | 2714 ||| DROPPING ring of magical power.
  2717 | D:3      | 2717 ||| READING 2 scrolls labelled BADA SUWOTHENN.
  2815 | D:3      | Reached skill level 5 in Ranged Weapons
  3031 | D:3      | 3031 ||| Stepping ~*~*~tactically~*~*~ (water).
  3042 | D:3      | 3042 ||| FLEEEEING.
  3043 | D:3      | 3043 ||| FLEEEEING.
  3044 | D:3      | 3044 ||| STAIRDANCE
  3079 | D:3      | 3079 ||| STAIRDANCE
  3084 | D:2      | Reached skill level 3 in Fighting
  3084 | D:2      | Reached XP level 6. HP: 25/37 MP: 7/7
  3193 | D:3      | 3193 ||| Stepping ~*~*~tactically~*~*~ (outnumbered).
  3196 | D:3      | HP: 8/37 [orc priest/divine providence (14)]
  3197 | D:3      | 3197 ||| READING 2 scrolls of teleportation.
  3373 | D:3      | 3373 ||| Stepping ~*~*~tactically~*~*~ (outnumbered).
  3385 | D:3      | Demolished by an ogre

Levels and vault maps discovered:
D:1:      lightli_arrival_farm, layout_basic, minmay_vboxes
D:2:      layout_loops_corners, basic_altar, serial_bayou_ford_a,
          minmay_misc_feat_rugged, nicolae_shop_unique_rings,
          minmay_misc_feat_iff
D:3:      lemuel_castle_with_subvaults [lemuel_castle_interior_carwin_2],
          layout_basic, glass_columns_a, amethyst_killhole, serial_bayou_pond_c

Skill      XL: |  1  2  3  4  5 |
---------------+----------------+-----
Ranged Weapons | 3 4 5 |  5.9
Fighting       | 2 3 |  3.4
Armour         | 1 |  1.2
Dodging        | |  1.5
Spellcasting   | |  1.0
Hexes          | |  2.6

Action                     |  1- 3 |  4- 6 || total
---------------------------+-------+-------++-------
   Fire: Sling             |   100 |   296 ||   396
    Use: Scroll            |     2 |     5 ||     7
         Potion            |     1 |     1 ||     2
 Armour: Robe              |     5 |       ||     5
         Leather armour    |     9 |     5 ||    14
         Ring mail         |       |   161 ||   161
  Dodge: Dodged            |    36 |   175 ||   211

Table legend:
 A = Non-vault XP
 B = Vault XP
 C = Vault XP percentage of total XP
 D = Non-vault monster count
 E = Vault monster count
 F = Vault count percentage of total count
                 A         B        C        D         E       F
            +---------+---------+-------+---------+---------+-------
      Total |     136 |     384 |  73.8 |      45 |      40 |  47.1
            +---------+---------+-------+---------+---------+-------
        D:1 |      37 |      11 |  22.9 |      15 |       7 |  31.8
        D:2 |      66 |      45 |  40.5 |      18 |       2 |  10.0
        D:3 |      33 |     328 |  90.9 |      12 |      31 |  72.1
            +---------+---------+-------+---------+---------+-------
